 Dungeon Crawl Stone Soup version 0.26-a0-652-gafc20e3620 (webtiles) character file.

Game seed: 3094244880097289166

46526 MrRokkomies the Frost Mage (level 14, 0/84 HPs)
             Began as a Deep Elf Ice Elementalist on Oct 2, 2020.
             Was a High Priest of Vehumet.
             Killed from afar by Jorgrun (23 damage)
             ... with a blast of rock fragments
             ... on level 2 of the Orcish Mines.
             The game lasted 00:53:15 (23437 turns).

MrRokkomies the Frost Mage (DEIE)                  Turns: 23437, Time: 00:53:15

Health: 0/84       AC: 15    Str:  6    XL:     14   Next: 5%
Magic:  18/30      EV: 15    Int: 28    God:    Vehumet [*****.]
Gold:   859        SH: 13    Dex: 15    Spells: 6/33 levels left

rFire    . . .     SeeInvis .   a - staff of cold
rCold    + + .     Faith    .   c - +3 warlock's mirror {reflect}
rNeg     + . .     Spirit   .   s - quicksilver dragon scales
rPois    +         Reflect  +   H - +1 hat
rElec    .         Harm     .   L - +2 cloak {rCorr}
rCorr    +         Rampage  .   C - +0 pair of gloves
MR       ++...                  Q - +0 pair of boots (curse)
Stlth    +.........             r - amulet of reflection
HPRegen  0.24/turn              t - ring of Zuyheef {rPois rN+ Slay+2}
MPRegen  0.22/turn              m - ring of Hiutaole {rC+ Int+3}

@: hasted, very quick
A: no striking features
a: Renounce Religion


You were on level 2 of the Orcish Mines.
You worshipped Vehumet.
Vehumet was extremely pleased with you.
You visited 4 branches of the dungeon, and saw 21 of its levels.
You also visited: Sewer.

You collected 1535 gold pieces.
You spent 676 gold pieces at shops.

Inventory:

Hand Weapons
 b - a +5 spear of venom
Missiles
 e - 97 poisoned darts (quivered)
 B - 15 javelins
 U - 6 curare-tipped darts
Armour
 c - the +3 warlock's mirror (worn) {reflect}
   (You found it on level 6 of the Lair of Beasts)
 s - quicksilver dragon scales (worn)
 C - a +0 pair of gloves (worn)
 H - a +1 hat (worn)
 L - a +2 cloak of preservation (worn)
 Q - a cursed +0 pair of boots (worn)
Magical Staves
 a - an uncursed staff of cold (weapon)
Jewellery
 m - the ring of Hiutaole (right hand) {rC+ Int+3}
   (You found it on level 10 of the Dungeon)

   [ring of protection from cold]

   It affects your intelligence (+3).
   It protects you from cold.
 n - an uncursed ring of protection from magic {unknown}
 r - an amulet of reflection (around neck)
 t - the ring of Zuyheef (left hand) {rPois rN+ Slay+2}
   (You acquired it on level 9 of the Dungeon)

   [ring of positive energy]

   It affects your accuracy and damage with ranged weapons and melee attacks
   (+2).
   It protects you from poison.
   It protects you from negative energy.
 v - a +4 ring of evasion
 G - an uncursed ring of protection from fire
 P - an uncursed amulet of magic regeneration {unknown}
Wands
 u - a wand of flame (50)
 A - a wand of digging (3)
 E - a wand of paralysis (6)
 J - a wand of enslavement (17)
Scrolls
 g - 10 scrolls of remove curse
 k - 8 scrolls of teleportation
 x - 3 scrolls of magic mapping
 y - 2 scrolls of fear
 F - 3 scrolls of holy word
 O - 2 scrolls of amnesia
 S - 2 scrolls of enchant armour
 V - 3 scrolls of fog
 X - a scroll of enchant weapon
 Y - 2 scrolls of immolation
Potions
 d - 7 potions of flight
 f - 3 potions of haste
 h - 12 potions of curing
 i - 2 potions of resistance
 j - 5 potions of lignification
 l - 7 potions of heal wounds
 o - 2 potions of stabbing
 p - 2 potions of might
 q - 3 potions of brilliance
 z - 2 potions of ambrosia {unknown}
 K - 2 potions of mutation {unknown}
 T - a potion of invisibility {unknown}
 W - a potion of magic {unknown}
 Z - a potion of berserk rage {unknown}
Miscellaneous
 M - a tin of tremorstones (3/3)
 R - a box of beasts (3/3)


   Skills:
 + Level 8.6 Fighting
 + Level 11.9 Dodging
 - Level 2.4 Stealth
 - Level 4.0 Shields
 * Level 10.0 Spellcasting
 - Level 12.0 Conjurations
 - Level 5.0 Summonings
 - Level 12.0 Ice Magic
 - Level 8.0 Earth Magic
 * Level 6.5 Evocations


You had 6 spell levels left.
You knew the following spells:

 Your Spells              Type           Power        Failure   Level
a - Freeze                Ice            ####         1%          1
b - Frozen Ramparts       Ice            ######       1%          3
c - Ozocubu's Armour      Ice            #######.     1%          3
d - Summon Ice Beast      Ice/Summ       #######.     4%          4
e - Iron Shot             Conj/Erth      ######....   11%         6
f - Freezing Cloud        Conj/Ice/Air   ######....   24%         6
g - Olgreb's Toxic Radia  Pois           ##......     36%         4

Your spell library contained the following spells:

 Spells                   Type           Power        Failure   Level
 Magic Dart               Conj           ####         1%          1
 Sandblast                Erth           ######       1%          1
 Shock                    Conj/Air       ####         1%          1
 Stone Arrow              Conj/Erth      ######       1%          3
 Hailstorm                Conj/Ice       #######.     1%          4
 Iskenderun's Battlesphe  Conj           ######..     1%          5
 Passwall                 Tmut/Erth      #####...     4%          2
 Lee's Rapid Deconstruct  Erth           ######....   4%          5
 Bolt of Magma            Conj/Fire/Erth ######....   8%          5
 Petrify                  Tmut/Erth      #####...     30%         4
 Orb of Destruction       Conj           ######....   24%         7
 Spellforged Servitor     Conj/Summ      ######....   67%         7


Dungeon Overview and Level Annotations

Branches:
Dungeon (12/15)            Temple (1/1) D:7            Lair (6/6) D:11
  Swamp (0/4) Lair:2        Snake (0/4) Lair:3        Slime (0/5) Lair:5
    Orc (2/2) D:12            Elf (0/3) Orc:2         Sewer (visited)

Altars:
Ashenzari
Dithmenos
Elyvilon
Gozag
Hepliaklqana
Kikubaaqudgha
Nemelex Xobeh
Okawaru
Qazlal
Ru
Uskayaw
Vehumet
Wu Jian
Xom
Yredelemnul
The Shining One
Jiyva

Shops:
D:11 ?

Portals:
Gauntlet: Orc:2

Annotations:
D:3 1 runed translucent door, KennyOmg's ghost, amateur MiBe
D:5 1 runed translucent door, raph's ghost, amateur MfGl
D:8 exclusion: obsidian statue
Lair:1 1 runed translucent door, P0NYSLAYSTATION's ghost, novice HONe
Orc:2 Jorgrun; Rupert


Message History

Rupert yells loudly at you.
Your +3 warlock's mirror {reflect} reflects the Paralyse!
Rupert resists with almost no effort.
An orc priest comes into view. It is wielding a +0 club.
Found 12 gold pieces.
As you read the scroll of fear, it crumbles to dust.
You assume a fearsome visage.
The orc warrior looks frightened!
Jorgrun resists with almost no effort.
Rupert looks frightened!
The orc priest looks frightened!
The orc wizard looks frightened!
The orc looks frightened!
The orc priest looks frightened!
The warg looks frightened!
Unknown command.
The orc wizard casts a spell.
The orc wizard blinks!
Found a gate leading to a gauntlet.
Jorgrun says, "Yer just na down-ta-earth enough."
An orc priest comes into view. It is wielding a +0 flail.
Jorgrun points at you and mumbles some strange words.
The wall shatters!
The blast of rock fragments hits you!!
You die...

*.......o..#...,***,**
##................,,,*
##h.................,*****
##...................,,,*,***
####....................,,,,,,,**
#.#..............$.#....,*,*,,,,*
..................#.....,*,***,**
.......................o,,,,****
.....oo...g.....@.\.....,*,**
....o##..#.#....#....#.#*,,,*
##.####...#.....##..##****,** ###
##.###....#,...#* *** ###
#.....,,...# #......,..##
##......,## *...#....,**
**,****,,,,*


You could see Jorgrun (fast) and an orc priest (asleep).

Vanquished Creatures
  3 hydras
  2 two-headed ogres
  5 death yaks (Lair:6)
  A catoblepas (Lair:6)
  An ogre mage (Orc:2)
  Nergalle (Lair:2)
  Sonja (Lair:6)
  2 manticores
  Joseph (D:7)
  A guardian serpent (Lair:3)
  2 black mambas
  11 elephants
  Maurice (D:10)
  8 cane toads
  2 rime drakes
  4 komodo dragons
  4 trolls
  3 hippogriffs
  6 blink frogs (Lair:4)
  6 dream sheep (Lair:6)
  A shadow (D:11)
  A wyvern (D:12)
  36 yaks
  A basilisk (Lair:3)
  5 hogs (D:12)
  2 steam dragons
  9 water moccasins
  4 porcupines
  2 black bears
  An ice beast (D:9)
  2 phantoms
  4 sky beasts
  4 orc warriors
  3 necrophages
  8 wolves
  2 centaurs
  4 ogres
  A big kobold (D:12)
  8 crocodiles
  6 bullfrogs
  2 scorpions
  A nameless horror (Lair:1)
  A bullfrog zombie (D:9)
  2 hounds
  A bullfrog skeleton (D:5)
  8 orc priests
  A centaur skeleton (D:7)
  14 orc wizards
  3 iguanas
  5 worker ants
  A hound skeleton (D:5)
  A worker ant zombie (D:11)
  A gnoll (D:3)
  10 adders
  7 river rats (Sewer)
  3 shadow imps (D:7)
  A white imp (D:6)
  An ooze (D:2)
  4 ufetubi
  2 adder skeletons
  2 worms
  A dart slug (D:1)
  2 leopard geckos
  44 orcs
  6 ball pythons
  6 bats
  8 giant cockroaches
  7 goblins
  16 hobgoblins
  5 jackals (D:5)
  25 kobolds
  2 quokkas
  13 frilled lizards
  A quokka zombie (D:4)
  33 rats
409 creatures vanquished.

Vanquished Creatures (collateral kills)
  Gastronok (Lair:2)
  Kirke (D:12)
  2 hydras (Lair:2)
  2 catoblepae (Lair:6)
  An alligator (Lair:6)
  A death yak (Lair:6)
  Urug (Lair:3)
  An ugly thing (D:11)
  A manticore (Lair:6)
  8 elephants
  2 centaur zombies (D:12)
  4 black mambas
  Psyche (D:12)
  3 cane toads
  A centaur skeleton (D:12)
  3 komodo dragons
  3 blink frogs (Lair:4)
  2 hippogriffs
  11 dream sheep
  16 yaks
  A shadow (D:12)
  2 vampires (D:11)
  A wyvern (Lair:2)
  An orc warrior (Orc:2)
  A water moccasin (Lair:2)
  9 wolves
  2 ogres
  2 crocodiles (Lair:6)
  4 bullfrogs
  A wyvern skeleton (D:11)
  A jelly (D:11)
  2 orc priests (Orc:2)
  2 orc wizards
  An adder (D:4)
  4 orcs
99 creatures vanquished.

Vanquished Creatures (others)
  Nessos (Orc:2)
  A yak (Lair:6)
  An ogre (Orc:2)
  19 fungi
  28 plants
  4 withered plants
54 creatures vanquished.

Grand Total: 562 creatures vanquished

Notes
Turn   | Place    | Note
-------+----------+-------------------------------------------
     0 | D:1      | MrRokkomies the Deep Elf Ice Elementalist began the quest
                  | for the Orb.
     0 | D:1      | Reached XP level 1. HP: 10/10 MP: 6/6
   116 | D:1      | Reached XP level 2. HP: 12/15 MP: 8/8
   781 | D:1      | Reached XP level 3. HP: 20/20 MP: 8/10
   936 | D:1      | Learned a level 3 spell: Frozen Ramparts
   940 | D:1      | Learned a level 3 spell: Ozocubu's Armour
  1412 | D:2      | Noticed a bullfrog
  1421 | D:2      | Killed a bullfrog
  1421 | D:2      | Reached skill level 1 in Fighting
  1421 | D:2      | Reached skill level 5 in Ice Magic
  1421 | D:2      | Reached XP level 4. HP: 14/25 MP: 2/12
  1867 | D:2      | Reached XP level 5. HP: 29/29 MP: 14/14
  2468 | D:3      | Reached skill level 5 in Spellcasting
  2922 | D:3      | Found a runed translucent door.
  2935 | D:3      | Noticed KennyOmg's ghost (amateur MiBe)
  3269 | D:3      | Reached XP level 6. HP: 30/35 MP: 10/16
  3748 | D:3      | Learned a level 4 spell: Summon Ice Beast
  3789 | D:4      | Reached skill level 1 in Summonings
  4202 | D:4      | Reached XP level 7. HP: 40/40 MP: 11/17
  4984 | D:5      | Entered Level 5 of the Dungeon
  5211 | D:5      | Found a glowing drain.
  5221 | Sewer    | Entered a sewer
  6564 | D:5      | Found a runed translucent door.
  7122 | D:5      | Noticed raph's ghost (amateur MfGl)
  7266 | D:6      | Reached XP level 8. HP: 42/45 MP: 13/19
  7457 | D:6      | Reached skill level 5 in Dodging
  8226 | D:7      | Found a staircase to the Ecumenical Temple.
  8259 | D:7      | Learned a level 3 spell: Stone Arrow
  8262 | Temple   | Entered the Ecumenical Temple
  8352 | Temple   | Became a worshipper of Vehumet
  8366 | D:7      | Noticed a hippogriff
  8374 | D:7      | Killed a hippogriff
  8374 | D:7      | Reached skill level 5 in Summonings
  8530 | D:7      | Reached skill level 1 in Conjurations
  8733 | D:7      | Noticed Joseph
  8894 | D:7      | Killed Joseph
  8894 | D:7      | Reached XP level 9. HP: 45/52 MP: 14/20
  9226 | D:8      | Noticed a two-headed ogre
  9232 | D:8      | Killed a two-headed ogre
  9630 | D:8      | Noticed an obsidian statue
  9654 | D:8      | You fall into a shaft and drop 1 floor!
  9655 | D:9      | Noticed a troll
  9670 | D:9      | Killed a troll
  9695 | D:9      | Reached skill level 5 in Conjurations
  9960 | D:9      | Identified a scroll of acquirement
  9960 | D:9      | Acquired the ring of Zuyheef {rPois rN+ Slay+2}
 10003 | D:9      | Found a sparkling altar of Nemelex Xobeh.
 10660 | D:10     | Entered Level 10 of the Dungeon
 10770 | D:10     | Noticed Maurice
 10770 | D:10     | Paralysed by Maurice for 4 turns
 10785 | D:10     | Killed Maurice
 10785 | D:10     | Reached skill level 5 in Fighting
 10785 | D:10     | Reached skill level 10 in Ice Magic
 10785 | D:10     | Reached XP level 10. HP: 58/58 MP: 21/21
 11289 | D:10     | Got a coiled marble ring
 11291 | D:10     | Identified the ring of Hiutaole {rC+ Int+3} (You found it
                  | on level 10 of the Dungeon)
 11638 | D:10     | Reached * piety under Vehumet
 11638 | D:10     | Offered knowledge of Foxfire by Vehumet.
 11776 | D:11     | Noticed an eight-headed hydra
 11778 | D:11     | Found a staircase to the Lair.
 11835 | D:11     | Killed an eight-headed hydra
 11947 | D:11     | Noticed a white ugly thing
 11959 | D:11     | Killed a white ugly thing
 12216 | D:11     | Found Vuuck's Magic Scroll Emporium.
 12315 | D:11     | Bought a scroll of acquirement for 676 gold pieces
 12315 | D:11     | Acquired the Collected Works on Arcane Weapons
 12324 | D:11     | Learned a level 6 spell: Freezing Cloud
 13010 | D:12     | Reached skill level 1 in Shields
 13102 | D:12     | Offered knowledge of Searing Ray by Vehumet.
 13129 | D:12     | Reached ** piety under Vehumet
 13142 | D:12     | Noticed Kirke
 13142 | D:12     | Noticed a manticore
 13188 | D:12     | Killed Kirke
 13188 | D:12     | Reached XP level 11. HP: 63/63 MP: 13/22
 13540 | D:12     | Noticed Psyche
 13546 | D:12     | Killed Psyche
 14024 | D:12     | Found a staircase to the Orcish Mines.
 14430 | Lair:1   | Entered Level 1 of the Lair of Beasts
 14747 | Lair:1   | Offered knowledge of Ignite Poison by Vehumet.
 14954 | Lair:1   | Found a runed translucent door.
 14985 | Lair:1   | Noticed P0NYSLAYSTATION's ghost (novice HONe)
 15411 | Lair:2   | Reached skill level 1 in Earth Magic
 15569 | Lair:2   | Noticed a four-headed hydra
 15575 | Lair:2   | Killed a four-headed hydra
 15575 | Lair:2   | Reached *** piety under Vehumet
 15778 | Lair:2   | Noticed Gastronok
 15785 | Lair:2   | Noticed a six-headed hydra
 15792 | Lair:2   | Killed a six-headed hydra
 15812 | Lair:2   | Killed Gastronok
 15902 | Lair:2   | Found a staircase to the Swamp.
 15937 | Lair:2   | Reached skill level 10 in Conjurations
 15940 | Lair:2   | Reached XP level 12. HP: 65/70 MP: 13/23
 16043 | Lair:2   | Noticed a four-headed hydra
 16050 | Lair:2   | Killed a four-headed hydra
 16153 | Lair:2   | Offered knowledge of Dazzling Flash by Vehumet.
 16386 | Lair:2   | Noticed Nergalle
 16406 | Lair:2   | Killed Nergalle
 17139 | Lair:3   | Found a staircase to the Snake Pit.
 17149 | Lair:3   | Noticed Urug
 17488 | Lair:3   | Killed Urug
 17488 | Lair:3   | Reached skill level 10 in Dodging
 17732 | Lair:3   | Reached skill level 5 in Earth Magic
 17879 | Lair:4   | Reached **** piety under Vehumet
 18135 | Lair:4   | Offered knowledge of Airstrike by Vehumet.
 19105 | Lair:5   | Reached XP level 13. HP: 51/77 MP: 12/24
 19490 | Lair:5   | Reached ***** piety under Vehumet
 19593 | Lair:5   | Found a staircase to the Slime Pits.
 19594 | Lair:5   | Found a viscous altar of Jiyva.
 19835 | Lair:5   | Offered knowledge of Fulminant Prism by Vehumet.
 19974 | Lair:6   | Entered Level 6 of the Lair of Beasts
 20104 | Lair:6   | Reached skill level 1 in Evocations
 20107 | Lair:6   | Noticed Sonja
 20118 | Lair:6   | Killed Sonja
 21672 | Lair:6   | Reached skill level 5 in Evocations
 21985 | Lair:6   | Offered knowledge of Olgreb's Toxic Radiance by Vehumet.
 21994 | Lair:6   | Learned a level 6 spell: Iron Shot
 22050 | Lair:6   | Learned a level 4 spell: Olgreb's Toxic Radiance
 22838 | Lair:6   | Found the +3 warlock's mirror {reflect}
 23238 | Orc:1    | Entered Level 1 of the Orcish Mines
 23301 | Orc:2    | Entered Level 2 of the Orcish Mines
 23301 | Orc:2    | Found a staircase to the Elven Halls.
 23301 | Orc:2    | Noticed Nessos
 23335 | Orc:2    | Killed Nessos
 23335 | Orc:2    | Reached XP level 14. HP: 41/84 MP: 25/29
 23374 | Orc:2    | Reached skill level 10 in Spellcasting
 23403 | Orc:2    | Noticed Jorgrun
 23427 | Orc:2    | Noticed Rupert
 23432 | Orc:2    | Found a gate leading to a gauntlet.
 23437 | Orc:2    | Killed from afar by Jorgrun

Illustrated notes

Levels and vault maps discovered:
D:1:      dpeg_arrival_lava_altar, layout_rooms, minmay_rat_gold_closets
D:2:      layout_basic, kennysheep_generic_room_4
D:3:      minmay_recursive_quarters, layout_rooms, ebering_ghost_sewer_d
D:4:      layout_cave_pools, minmay_mini_jars
D:5:      layout_loops_cross, portal_sewer_entry_d, gammafunk_ghost_grave,
          hangedman_decor_riveting
D:6:      layout_rooms
D:7:      layout_gridville, minmay_temple_entry_offerings, grunt_tough_drop,
          uniq_joseph
D:8:      minmay_statue_hallways, layout_loops_ring
D:9:      layout_roguey, overflow_temple_1_default
D:10:     layout_basic, uniq_maurice
D:11:     layout_cross, lair_entry_dummy, serial_column_ruins,
          column_ruins_grid_5, column_ruins_hut, column_ruins_open_medium,
          column_ruins_grid_2, column_ruins_open_tiny, column_ruins_open_small,
          column_ruins_columns_water, serial_shops, shop
D:12:     layout_roguey, orc_0_dummy, uniq_kirke, uniq_psyche
Temple:   regret_index_temple_sigil_plot
Lair:1:   layout_cave_shapes, gammafunk_ghost_grave, lemuel_fruit_tree,
          serial_bayou_shore_b
Lair:2:   layout_hall_layers, minmay_swamp_entry_reptiles, grunt_megastairs_2,
          uniq_gastronok, uniq_nergalle
Lair:3:   layout_long_grid, minmay_snake_entry_spellcaster, uniq_urug
Lair:4:   layout_roguey, grunt_megastairs_5
Lair:5:   layout_hall_layers, slime_altar_1
Lair:6:   evilmike_catoblepas_cave, layout_cave_shapes, uniq_sonja
Orc:1:    layout_diamond_mine, minmay_shop_mayhem, kennysheep_orc_chapel
Orc:2:    grunt_orc_cross, layout_diamond_mine, gauntlet_entry_generic,
          uniq_jorgrun, uniq_nessos, uniq_rupert

Skill      XL: |  1  2  3  4  5  6  7  8  9 10 11 12 13 14 |
---------------+-------------------------------------------+-----
Fighting       | 1 2 4 5 6 7 8 |  8.6
Dodging        | 3 4 6 7 8 9 10 11 | 11.9
Spellcasting   | 4 5 6 9 10 | 10.0
Ice Magic      | 5 6 7 8 10 11 12 | 12.0
Summonings     | 1 4 5 |  5.0
Conjurations   | 3 5 8 10 11 12 | 12.0
Shields        | 1 3 4 |  4.0
Earth Magic    | 3 7 8 |  8.0
Evocations     | 6 |  6.5
Stealth        | |  2.4

Action                   |  1- 3 |  4- 6 |  7- 9 | 10-12 | 13-15 || total
-------------------------+-------+-------+-------+-------+-------++-------
Melee: Short sword       |    51 |    78 |   216 |       |       ||   345
       Spear             |       |       |   111 |   159 |   117 ||   387
       Staff             |       |       |       |    22 |    45 ||    67
Throw: Dart              |       |     5 |     5 |     8 |       ||    18
 Cast: Freeze            |    33 |    27 |    43 |   110 |    23 ||   236
       Frozen Ramparts   |     1 |    23 |    36 |    55 |    30 ||   145
       Ozocubu's Armour  |     1 |     2 |     5 |     8 |     4 ||    20
       Summon Ice Beast  |       |       |     7 |    95 |    66 ||   168
       Stone Arrow       |       |       |       |     4 |       ||     4
Evoke: Wand              |       |       |     7 |       |     5 ||    12
  Use: Scroll            |     1 |     2 |     8 |    15 |     7 ||    33
       Potion            |       |       |       |     1 |     3 ||     4
 Stab: Sleeping          |     4 |     7 |     1 |       |     1 ||    13
       Paralysed         |       |       |     9 |       |       ||     9
       Distracted        |       |       |     1 |     1 |     1 ||     3
       Petrified         |       |       |       |       |     2 ||     2
Armor: Robe              |    18 |    15 |    25 |       |       ||    58
       Quicksilver drago |       |       |    49 |   101 |    77 ||   227
Dodge: Dodged            |    51 |    79 |   269 |   143 |   142 ||   684
Block: Other             |       |       |    42 |    17 |       ||    59
       Reflection        |       |       |     4 |     2 |     7 ||    13
       Buckler           |       |       |       |   123 |   112 ||   235

Table legend: (Time is in decaauts)
 A = Elapsed time spent in this place.
 B = Non-inter-level travel time spent in this place.
 C = Inter-level travel time spent in this place.
 D = Time resting spent in this place.
 E = Time spent auto-exploring this place.
 F = Levels seen in this place.
 G = Mean time per level.
                   A        B        C        D        E       F      G
               +--------+--------+--------+--------+--------+-----+--------+
         Total |  23506 |  22564 |    942 |    950 |  17922 |  22 | 1068.5 |
       Dungeon |  13431 |  12900 |    531 |    720 |  10029 |  12 | 1119.2 |
        Temple |     96 |     79 |     17 |      0 |     78 |   1 |   96.0 |
          Lair |   8733 |   8344 |    389 |    123 |   7012 |   6 | 1455.5 |
  Orcish Mines |    184 |    180 |      4 |      0 |     58 |   2 |   92.0 |
         Sewer |   1060 |   1060 |      0 |    107 |    744 |   1 | 1060.0 |
               +--------+--------+--------+--------+--------+-----+--------+

Top non-repeatable levels by time:
  Lair:6: 3066 daAuts
    D:12: 1642 daAuts
     D:3: 1536 daAuts
  Lair:2: 1477 daAuts
     D:1: 1369 daAuts
    D:11: 1243 daAuts
     D:7: 1220 daAuts
  Lair:4: 1190 daAuts
     D:5: 1181 daAuts
     D:2: 1082 daAuts
   Sewer: 1060 daAuts
  Lair:3: 1022 daAuts
     D:4: 1012 daAuts
  Lair:1: 1004 daAuts
    D:10: 986 daAuts
